 Dungeon Crawl Stone Soup version 0.30.1 (webtiles) character file.

Game seed: 15644239887364039867

71197 GeoRichter the Fighter (level 14, -1/104 (108) HPs)
             Began as a Demonspawn Warper on July 13, 2023.
             Was the Champion of Qazlal.
             Slain by an orc knight
             ... wielding a +2 long sword of holy wrath
              (7 damage)
             ... on level 2 of the Orcish Mines.
             The game lasted 00:44:48 (21729 turns).

GeoRichter the Fighter (Demonspawn Warper)         Turns: 21729, Time: 00:44:48

HP:   -1/104 (108)  AC: 30    Str: 14    XL:     14   Next: 96%
MP:   7/25          EV: 13    Int: 14    God:    Qazlal [******]
Gold: 2733          SH: 13    Dex: 11    Spells: 17/28 levels left

rFire   + . .        a - +0 demon whip (protect)
rCold   + . .        n - +1 buckler {rC+}
rNeg    + . .        e - +2 leather armour of the Forest {rElec rF+}
rPois   +            j - +1 helmet
rElec   +            x - +2 cloak {Will+}
rCorr   .            l - +2 pair of gloves
SInv    .            F - +0 pair of boots
Will    ++...        o - amulet "Sucvus" {rN+ Regen+ Str-3 Stlth+}
Stlth   +            g - +4 ring of protection
HPRegen 1.17/turn    T - ring of poison resistance
MPRegen 0.19/turn

%: repel missiles
@: spiked, protected from physical damage, under a protective aura, studying
Spellcasting, lightly drained
A: spiny 2, augmentation 1, sturdy frame 2, demonic magic 1, demonic touch 2,
clumsy 1, frail 1
a: Renounce Religion, Upheaval, Elemental Force, Disaster Area


You were on level 2 of the Orcish Mines.
You worshipped Qazlal.
Qazlal was exalted by your worship.
You visited 4 branches of the dungeon, and saw 18 of its levels.
You also visited: Sewer, Bailey, Gauntlet and Ice Cave.

You collected 2733 gold pieces.

Inventory:

Hand Weapons
 a - a +0 demon whip of protection (weapon)
   (You took it off Amaemon on level 9 of the Dungeon)
Missiles
 d - 6 boomerangs of dispersal (quivered) {!f}
 H - 3 throwing nets {!f}
Armour
 b - a +0 cloak of poison resistance
   (You found it in a Gauntlet)
 e - the +2 leather armour of the Forest (worn) {rElec rF+}
   (You found it in an ice cave)

   rF:        It protects you from fire.
   rElec:     It insulates you from electricity.
 j - a +1 helmet (worn)
   (You found it on level 2 of the Dungeon)
 l - a +2 pair of gloves (worn)
   (You found it in an ice cave)
 n - a +1 buckler of cold resistance (worn)
   (You found it in an ice cave)
 x - a +2 cloak of willpower (worn)
   (You took it off Crazy Yiuf on level 5 of the Dungeon)
 F - a +0 pair of boots (worn)
   (You found it on level 5 of the Dungeon)
Jewellery
 g - a +4 ring of protection (left hand)
   (You found it on level 1 of the Dungeon)
 o - the amulet "Sucvus" (around neck) {rN+ Regen+ Str-3 Stlth+}
   (You found it in a Gauntlet)

   [amulet of regeneration]

   Str:       It affects your strength (-3).
   rN:        It protects you from negative energy.
   Regen:     It increases your rate of health regeneration.
   Stlth:     It makes you more stealthy.
 P - the amulet of Beauty {Reflect rN++ Str+3 SH+5}
   (You found it in an ice cave)

   [amulet of reflection]

   It reflects blocked missile attacks.
   Str:       It affects your strength (+3).
   rN:        It greatly protects you from negative energy.
   SH:        It affects your SH (+5).
 Q - a ring of see invisible
   (You found it on level 5 of the Lair of Beasts)
 T - a ring of poison resistance (right hand)
   (You found it on level 10 of the Dungeon)
 V - a ring of resist corrosion
   (You found it on level 1 of the Lair of Beasts)
Wands
 q - a wand of flame (46)
   (You took it off Robin on level 2 of the Dungeon)
 y - a wand of roots (26)
   (You found it on level 3 of the Dungeon)
 L - a wand of mindburst (21)
   (You found it in a bailey)
 N - a wand of polymorph (24)
   (You found it on level 8 of the Dungeon)
 R - a wand of charming (10)
   (You found it on level 9 of the Dungeon)
 S - a wand of quicksilver (6)
   (You found it on level 1 of the Lair of Beasts)
Scrolls
 c - 2 scrolls of blinking
 f - 6 scrolls of torment {!r}
 h - 3 scrolls of amnesia
 m - 3 scrolls of enchant weapon
 A - 4 scrolls of fog
 D - 3 scrolls of teleportation {@r4}
 G - a scroll of immolation {!r}
 I - a scroll of fear
 M - 2 scrolls of vulnerability {!r}
 W - 3 scrolls of butterflies
 Z - 2 scrolls of enchant armour
Potions
 i - 4 potions of resistance {unknown}
 k - 5 potions of haste {@q3}
 r - 2 potions of berserk rage
 s - 6 potions of curing {@q1}
 t - 10 potions of mutation {!q}
 u - 7 potions of might
 v - 2 potions of degeneration {unknown}
 w - 2 potions of lignification {unknown}
 z - 3 potions of heal wounds {@q2}
 B - 4 potions of brilliance {unknown}
 C - 2 potions of ambrosia {unknown}
 K - 8 potions of flight
 O - a potion of magic {unknown}
 U - 3 potions of attraction {unknown}
 Y - 2 potions of cancellation {unknown}
Miscellaneous
 J - a box of beasts
   (You found it in a bailey)


   Skills:
 - Level 14.5 Fighting
 - Level 14.0 Maces & Flails
 - Level 0.8 Throwing
 + Level 6.6 Armour
 - Level 6.3 Dodging
 - Level 4.0 Shields
 + Level 7.8 Spellcasting
 * Level 11.9 Translocations
 - Level 9.6 Invocations
 - Level 4.0 Evocations


You had 17 spell levels left.
You knew the following spells:

 Your Spells              Type           Power      Damage    Failure   Level
a - Blink                 Tloc           76%        N/A       1%          2
b - Manifold Assault      Tloc           38%        N/A       1%          4
c - Vhi's Electric Charg  Tloc/Air       44%        N/A       4%          3
d - Lesser Beckoning      Tloc           76%        N/A       1%          2

Your spell library contained the following spells:

 Spells                   Type           Power      Damage    Failure   Level
 Apportation              Tloc           76%        N/A       1%          1
 Teleport Other           Tloc           38%        N/A       1%          3
 Portal Projectile        Hex/Tloc       44%        N/A       4%          3
 Magic Dart               Conj           20%        1d4       17%         1
 Necrotise                Necr           20%        1d5       17%         1
 Summon Small Mammal      Summ           20%        N/A       17%         1
 Call Imp                 Summ           10%        N/A       26%         2
 Call Canine Familiar     Summ           5%         N/A       45%         3
 Hailstorm                Conj/Ice       5%         3d4       45%         3
 Mephitic Cloud           Conj/Pois/Air  5%         N/A       45%         3
 Ozocubu's Armour         Ice            5%         N/A       45%         3
 Ice Form                 Ice/Tmut       5%         N/A       86%         4
 Leda's Liquefaction      Hex/Erth       2%         N/A       86%         4
 Alistair's Intoxication  Tmut/Pois      3%         N/A       99%         5
 Borgnjor's Vile Clutch   Necr/Erth      2%         N/A       99%         5
 Lee's Rapid Deconstruct  Erth           2%         3d5*      99%         5
 Metabolic Englaciation   Hex/Ice        2%         N/A       99%         5
 Eringya's Noxious Bog    Tmut/Pois      2%         N/A       100%        6
 Simulacrum               Ice/Necr       2%         N/A       100%        6
 Statue Form              Tmut/Erth      3%         N/A       100%        6


Dungeon Overview and Level Annotations

Branches:
Dungeon (10/15) Zot: 26029  Temple (1/1) D:5 Zot: 5847    Lair (5/5) D:9 Zot: 21821
  Swamp (0/4) Lair:2        Snake (0/4) Lair:2          Orc (2/2) D:10 Zot: 11298
    Elf (0/3) Orc:2         Sewer (visited)          Bailey (visited)
  IceCv (visited)         Gauntlet (visited)
  Slime: Lair:4-5

Altars:
Ashenzari
Cheibriados
Dithmenos
Fedhas
Gozag
Hepliaklqana
Kikubaaqudgha
Makhleb
Nemelex Xobeh
Okawaru
Qazlal
Ru
Sif Muna
Trog
Uskayaw
Vehumet
Wu Jian
Xom
Yredelemnul
Jiyva
Lugonu

Portals:
Abyss: Lair:5

Annotations:
Lair:5 exclusion: 2 oklob plants
Orc:2 1 exclusion


Innate Abilities, Weirdness & Mutations

You are mostly covered in sharp spines.
Your magical and physical power is slightly enhanced at high health.
Your movements are less encumbered by armour. (ER -4)
Spells you cast may paralyse adjacent enemies.
Your touch may inflict irresistible damage on your foes.
You are clumsy. (Dex -2)
You are frail. (-10% HP)


Message History

You hit the orc high priest but do no damage.
The orc high priest is heavily wounded.
You hit the orc high priest.
The orc high priest is heavily wounded.
You hear a shout!
The orc knight is engulfed in freezing vapours.
You block the orc knight's attack.
The orc high priest hits you with a +0 halberd!!
The red devil hits you with a +0 trident.
Barbed spikes become lodged in your body.
The orc knight unwields a +1 arbalest of freezing.
The orc knight wields a +2 long sword of holy wrath.
It softly glows with a divine radiance!
The orc knight closely misses you.
You hear a shout!
You whack the orc high priest!
The orc high priest is severely wounded.
You hit the orc high priest but do no damage.
The orc high priest is severely wounded.
The orc wizard no longer looks unusually strong.
The orc wizard is engulfed in freezing vapours.
The orc high priest calls down the wrath of Beogh upon you.
Beogh smites you!
* * * LOW HITPOINT WARNING * * *
The orc knight is engulfed in freezing vapours.
The orc knight hits you with a +2 dire flail of draining!
* * * LOW HITPOINT WARNING * * *
You partially resist.
You feel drained.
* * * LOW HITPOINT WARNING * * *
You block the red devil's attack.
You whack the orc high priest!
The orc high priest is almost dead.
The orc knight is struck by your spines.
The orc knight hits you with a +2 long sword of holy wrath!
* * * LOW HITPOINT WARNING * * *
You feel more protected from physical attacks.
You convulse!!
* * * LOW HITPOINT WARNING * * *
You hit the orc high priest.
The orc high priest is almost dead.
You hear a shout!
An orc sorcerer comes into view.
It is wielding a +0 dagger and wearing a +2 robe of willpower.
The orc wizard gestures wildly while chanting.
The orc wizard flickers and vanishes!
Deactivating autopickup; reactivate with Ctrl-A.
The orc knight is engulfed in freezing vapours.
You block the orc knight's attack. The red devil is struck by your spines.
The red devil hits you but does no damage.
The orc knight is struck by your spines.
The orc knight hits you with a +2 long sword of holy wrath!
You die...

**,,*,,**,,**,,*#...............#
*∩,*,**,,,**,**#..o.............
**,,,,,,,**,,* #...)..[........#
**,,,,,**,,** #.....)).........
*****,,,,** #)o.)..[)#...#...
****** #.o..[)[..)...#.#
##################☼...#..........
................o.{....#........#
..............°°@4o#...........##
..............§.oo#......#......#
...............°####.....#.......
.................##.##..........#
................##...#.....#...##
.................##..##..###....#
................###......##....##
.)...............###.##.####.###
..............#.## ###### ###


You could see 2 orc knights, an orc high priest (strong), an orc sorcerer
(strong), a red devil (summoned) and an orc priest (strong).

Vanquished Creatures
  An azure jelly (IceCv)
  An orc warlord (Orc:1)
  3 quicksilver oozes (IceCv)
  A dire elephant (Gauntlet)
  A minotaur (Gauntlet)
  7 hydras
  A two-headed ogre (D:9)
  A catoblepas (Lair:5)
  2 death yaks (Lair:2)
  2 orc high priests (Orc:2)
  3 thrashing horrors (Lair:5)
  A lindwurm (Lair:5)
  Pikel (D:7)
  5 ugly things (Lair:5)
  3 orc sorcerers
  A cyclops (D:9)
  A manticore (shapeshifter) (Lair:5)
  A large abomination (Lair:5)
  11 elephants
  Joseph (D:10)
  An orange demon (D:9)
  Maggie (D:9)
  16 cane toads
  An ice statue (IceCv)
  An unseen horror zombie (D:8)
  A smoke demon (Lair:5)
  5 black mambas
  3 unseen horrors
  5 rime drakes
  An ice devil (Gauntlet)
  7 komodo dragons
  A troll (Orc:1)
  2 ancient zymes (Lair:5)
  3 meliai (Gauntlet)
  A wolf spider simulacrum (Gauntlet)
  4 polar bears
  2 dream sheep (D:10)
  Grinder (D:5)
  A hornet (D:9)
  14 slime creatures
  27 blink frogs
  A vampire (D:10)
  Sigmund (D:3)
  A spriggan (Lair:5)
  Eustachio (D:5)
  2 ynoxinuls (Lair:5)
  47 yaks
  3 wyverns
  A steam dragon (D:8)
  A wraith (D:9)
  3 basilisks
  A chaos spawn (Lair:5)
  A redback (shapeshifter) (Lair:5)
  4 vampire mosquitoes (D:6)
  2 wargs
  A harpy simulacrum (Gauntlet)
  2 swamp worms (Gauntlet)
  Duvessa (D:7)
  13 water moccasins
  A black bear (D:4)
  3 great orb of eyes simulacra (IceCv)
  A sky beast (D:8)
  A meliai simulacrum (Gauntlet)
  30 orc warriors
  10 wolves (Lair:4)
  4 ogres
  4 centaurs
  A lemure (D:7)
  2 phantoms (D:7)
  4 slime creature simulacra (IceCv)
  3 necrophages (D:8)
  6 kobold brigands
  11 bullfrogs
  2 glowing shapeshifter simulacra (IceCv)
  5 scorpions
  11 wights
  Dowan (D:7)
  10 killer bees
  9 electric eels
  4 howler monkeys
  13 small abominations (Lair:5)
  2 centaur zombies (D:8)
  A gnoll bouda (D:6)
  4 lava snakes (Lair:4)
  Crazy Yiuf (D:5)
  3 hounds (D:6)
  10 orc priests
  A sleepcap (D:6)
  Natasha (D:4)
  2 iguanas
  30 orc wizards
  4 shapeshifter simulacra (IceCv)
  A boggart simulacrum (Gauntlet)
  Robin (D:2)
  A howler monkey zombie (D:8)
  9 adders
  14 gnolls
  6 river rats
  3 white imps
  An ufetubus (D:4)
  A worm (D:2)
  A dart slug (D:1)
  92 orcs
  24 ball pythons
  5 bats (D:1)
  A bat zombie (D:3)
  8 endoplasms
  15 giant cockroaches
  15 goblins
  8 hobgoblins
  7 jackals
  4 quokkas
  3 frilled lizards
  34 kobolds
  27 rats
  2 rat zombies (D:3)
710 creatures vanquished.

Vanquished Creatures (collateral kills)
  2 death yaks (Lair:2)
  Amaemon (D:9)
  A wraith (D:9)
  2 orc warriors (Orc:1)
  A wolf (Lair:4)
  An orc wizard (Orc:2)
  8 orcs
16 creatures vanquished.

Vanquished Creatures (others)
  A wizard (D:3)
  An orc (D:5)
2 creatures vanquished.

Grand Total: 728 creatures vanquished

Notes
Turn   | Place    | Note
-------+----------+-------------------------------------------
     0 | D:1      | GeoRichter the Demonspawn Warper began the quest for the
                  | Orb.
     0 | D:1      | Reached XP level 1. HP: 16/16 MP: 3/3
   160 | D:1      | Gained mutation: Your movements are slightly less
                  | encumbered by armour. (ER -2) [demonic ancestry]
   160 | D:1      | Reached XP level 2. HP: 22/22 MP: 5/5
  1167 | D:2      | Gained mutation: You are partially covered in sharp spines.
                  | [demonic ancestry]
  1167 | D:2      | Reached XP level 3. HP: 24/27 MP: 6/6
  1280 | D:2      | Learned a level 2 spell: Blink
  1373 | D:2      | Found a faded altar of an unknown god.
  1379 | D:2      | Noticed Robin
  1440 | D:2      | Gained mutation: Your touch may inflict minor irresistible
                  | damage on your foes. [demonic ancestry]
  1440 | D:2      | Reached XP level 4. HP: 29/33 MP: 7/7
  1565 | D:2      | Killed Robin
  1868 | D:2      | You fall into a shaft and drop 2 floors!
  1931 | D:4      | Noticed a black bear
  1936 | D:4      | Killed a black bear
  1937 | D:4      | Reached skill level 5 in Maces & Flails
  1937 | D:4      | Reached XP level 5. HP: 30/38 MP: 8/8
  1956 | D:4      | Gained mutation: Your movements are less encumbered by
                  | armour. (ER -4) [demonic ancestry]
  1956 | D:4      | Reached XP level 6. HP: 41/44 MP: 9/9
  1991 | D:4      | Found a glowing drain.
  1996 | Sewer    | Entered a sewer
  2243 | Sewer    | Gained mutation: Your touch may inflict irresistible damage
                  | on your foes. [demonic ancestry]
  2243 | Sewer    | Reached XP level 7. HP: 50/50 MP: 10/10
  2538 | D:3      | Noticed Sigmund
  2561 | D:3      | Killed Sigmund
  2595 | D:3      | Found a basalt altar of Yredelemnul.
  2622 | D:3      | Found a bloodstained altar of Trog.
  2624 | D:3      | Noticed a wizard
  2629 | D:3      | Killed a wizard
  3102 | D:3      | Found an ancient bone altar of Kikubaaqudgha.
  3508 | D:4      | Noticed Natasha
  3512 | D:4      | Killed Natasha
  3517 | D:4      | Gained mutation: You are mostly covered in sharp spines.
                  | [demonic ancestry]
  3517 | D:4      | Reached XP level 8. HP: 43/56 MP: 11/11
  3672 | D:4      | Learned a level 4 spell: Manifold Assault
  3687 | D:5      | Entered Level 5 of the Dungeon
  3823 | D:5      | Noticed Grinder
  3830 | D:5      | Killed Grinder
  3831 | D:5      | Reached skill level 5 in Translocations
  3921 | D:5      | Found a staircase to the Ecumenical Temple.
  3931 | Temple   | Entered the Ecumenical Temple
  4052 | Temple   | Became a worshipper of Qazlal Stormbringer
  4298 | D:5      | Found a runed translucent door.
  4299 | D:5      | Noticed Crazy Yiuf
  4488 | D:5      | Noticed Eustachio
  4503 | D:5      | Killed Eustachio
  4504 | D:5      | Reached skill level 5 in Fighting
  4820 | D:5      | Killed Crazy Yiuf
  5044 | D:6      | Found a burning altar of Makhleb.
  5066 | D:6      | Found a hazy altar of Hepliaklqana.
  5097 | D:6      | Reached XP level 9. HP: 61/69 MP: 12/12
  5506 | D:7      | Reached * piety under Qazlal
  5651 | D:6      | Learned a level 3 spell: Vhi's Electric Charge
  5682 | D:7      | Noticed Dowan
  5691 | D:7      | Noticed Duvessa
  5699 | D:7      | Killed Duvessa
  5702 | D:7      | Killed Dowan
  5854 | D:7      | Found a shadowy altar of Dithmenos.
  5874 | D:7      | Found a flagged portal.
  5882 | Bailey   | Entered a bailey
  5923 | Bailey   | Reached ** piety under Qazlal
  5998 | Bailey   | Reached XP level 10. HP: 79/83 MP: 4/13
  6449 | D:7      | Noticed Pikel
  6471 | D:7      | Killed Pikel
  6472 | D:7      | Reached skill level 10 in Fighting
  6472 | D:7      | Reached skill level 10 in Translocations
  6558 | D:7      | Reached skill level 1 in Invocations
  7448 | D:8      | Reached *** piety under Qazlal
  7969 | D:8      | Found a blossoming altar of Fedhas.
  7981 | D:8      | Identified the +0 helmet of the Sun {Str-3 Int+3 SInv
                  | Stlth+}
  8242 | D:9      | Noticed Maggie
  8252 | D:9      | Killed Maggie
  8253 | D:9      | Reached skill level 5 in Invocations
  8253 | D:9      | Reached XP level 11. HP: 74/93 MP: 14/14
  8372 | D:9      | Found a staircase to the Lair.
  8374 | D:9      | Noticed Amaemon
  8391 | D:9      | Killed Amaemon
  8402 | D:9      | Reached skill level 10 in Maces & Flails
  8920 | D:9      | Noticed a two-headed ogre
  8942 | D:9      | Killed a two-headed ogre
  9217 | D:9      | Found a broken altar of Ashenzari.
  9403 | Lair:1   | Entered Level 1 of the Lair of Beasts
  9962 | Lair:1   | Identified the +7 falchion of Karma {venom, rElec rPois
                  | rC+}
 10759 | Lair:1   | Learned a level 2 spell: Lesser Beckoning
 10760 | Lair:2   | Found a staircase to the Snake Pit.
 11101 | Lair:2   | Noticed a death yak
 11101 | Lair:2   | Noticed a death yak
 11103 | Lair:2   | Noticed a death yak
 11103 | Lair:2   | Noticed a death yak
 11120 | Lair:2   | Killed a death yak
 11128 | Lair:2   | Killed a death yak
 11129 | Lair:2   | Reached skill level 1 in Armour
 11129 | Lair:2   | Killed a death yak
 11134 | Lair:2   | Killed a death yak
 11135 | Lair:2   | Gained mutation: Spells you cast may paralyse adjacent
                  | enemies. [demonic ancestry]
 11135 | Lair:2   | Reached XP level 12. HP: 13/105 MP: 8/18
 11217 | Lair:2   | Found a frozen archway.
 11310 | IceCv    | Entered an ice cave
 11454 | IceCv    | Noticed a quicksilver ooze
 11459 | IceCv    | Killed a quicksilver ooze
 11616 | IceCv    | Noticed a quicksilver ooze
 11619 | IceCv    | Killed a quicksilver ooze
 12187 | IceCv    | Noticed a quicksilver ooze
 12189 | IceCv    | Killed a quicksilver ooze
 12209 | IceCv    | Noticed an azure jelly
 12260 | IceCv    | Killed an azure jelly
 12385 | IceCv    | Found a viscous altar of Jiyva.
 12444 | IceCv    | Identified the amulet of Beauty {Reflect rN++ Str+3 SH+5}
 12458 | IceCv    | Identified the +2 leather armour of the Forest {rElec rF+}
 12735 | Lair:2   | Reached skill level 1 in Shields
 12869 | Lair:2   | Found a staircase to the Swamp.
 14011 | Lair:3   | Gained mutation: Your magical and physical power is
                  | slightly enhanced at high health. [demonic ancestry]
 14011 | Lair:3   | Reached XP level 13. HP: 111/111 MP: 2/20
 14205 | Lair:3   | Reached **** piety under Qazlal
 14766 | Lair:3   | Identified a scroll of acquirement
 14766 | Lair:3   | Acquired the +0 crystal plate armour "Utut" {Int+2}
 15291 | Lair:4   | Reached skill level 1 in Evocations
 15675 | Lair:4   | Acquired a manual of Spellcasting
 16057 | Lair:5   | Entered Level 5 of the Lair of Beasts
 16882 | Lair:5   | Reached ***** piety under Qazlal
 16883 | Lair:5   | Reached skill level 5 in Dodging
 16890 | Lair:5   | Reached XP level 14. HP: 100/120 MP: 3/21
 17301 | Lair:5   | Reached skill level 5 in Armour
 17562 | Lair:5   | Reached skill level 5 in Spellcasting
 17945 | Lair:5   | Found a corrupted altar of Lugonu.
 17945 | Lair:5   | Found a one-way gate to the infinite horrors of the Abyss.
 17966 | Lair:5   | Identified the staff of cold "Zumuigaz" {*Slow rC+ Will+
                  | Str+8}
 18373 | Lair:5   | Found a viscous altar of Jiyva.
 19142 | D:10     | Entered Level 10 of the Dungeon
 19365 | D:10     | Noticed Joseph
 19376 | D:10     | Killed Joseph
 19481 | D:10     | Found an opulent altar of Gozag.
 19723 | D:10     | Found a staircase to the Orcish Mines.
 19766 | D:10     | Found a shimmering blue altar of Sif Muna.
 19767 | D:10     | Found a sparkling altar of Nemelex Xobeh.
 19769 | D:10     | Found a radiant altar of Vehumet.
 20190 | Orc:1    | Entered Level 1 of the Orcish Mines
 20218 | Orc:1    | Noticed an orc warlord
 20219 | Orc:1    | Reached ****** piety under Qazlal
 20258 | Orc:1    | Killed an orc warlord
 20733 | Orc:2    | Entered Level 2 of the Orcish Mines
 20733 | Orc:2    | Found a staircase to the Elven Halls.
 20847 | Orc:2    | Found a gate leading to a gauntlet.
 20856 | Gauntlet | Entered a Gauntlet
 20856 | Gauntlet | Found a transporter.
 20952 | Gauntlet | Found a transporter.
 20954 | Gauntlet | Found a transporter.
 20955 | Gauntlet | Found a transporter.
 20964 | Gauntlet | Found a transporter.
 20966 | Gauntlet | Found a transporter.
 20967 | Gauntlet | Found a transporter.
 20976 | Gauntlet | Found a transporter.
 20979 | Gauntlet | Found a transporter.
 20980 | Gauntlet | Found a transporter.
 20988 | Gauntlet | Found a transporter.
 20991 | Gauntlet | Found a transporter.
 20992 | Gauntlet | Found a transporter.
 21000 | Gauntlet | Found a transporter.
 21391 | Gauntlet | Identified the amulet "Sucvus" {rN+ Regen+ Str-3 Stlth+}
 21572 | Gauntlet | Identified the +5 dagger of the Lettuce {heavy, rF+}
 21706 | Orc:2    | Gained mutation: You are frail. (-10% HP) [a neqoxec]
 21708 | Orc:2    | Gained mutation: You are clumsy. (Dex -2) [a neqoxec]
 21728 | Orc:2    | HP: 5/104 [orc knight/+2 long sword of holy wrath (21)]
 21729 | Orc:2    | Slain by an orc knight

Illustrated notes

Levels and vault maps discovered:
D:1:      dpeg_arrival_water_temple_mockup, layout_basic, nicolae_hexahallways
D:2:      minmay_roachtagon, layout_loops_ring,
          hellmonk_ecumenical_altar_lost_god, minmay_shallow_snake_nest,
          uniq_robin
D:3:      layout_rooms, good_gods_temple_1, lemuel_zombie_altar_kikubaaqudgha,
          yredelemnul_altar_generic, trog_wizard, minmay_misc_feat_ornament,
          uniq_sigmund
D:4:      layout_loops_ring, portal_sewer_entry_e, minmay_manual_mares,
          uniq_natasha
D:5:      layout_basic, lemuel_temple_firewalk_b, uniq_grinder,
          uniq_crazy_yiuf_cottage, uniq_eustachio
D:6:      layout_basic, mainiacjoe_overflow_large_starburst
D:7:      layout_rooms, grunt_dithmenos_shadows, enter_bailey_2,
          amcnicky_mini_pool_small, uniq_duvessa, uniq_pikel
D:8:      layout_loops_cross, fedhas_altar_decomposition
D:9:      minmay_general_purpose_star, layout_basic,
          ashenzari_conservatory_becter, uniq_amaemon, uniq_maggie
D:10:     layout_basic, gammafunk_temple_overflow_forgotten,
          nicolae_gozag_cash_rules_everything_around_me, hiddenorc2_lemuel,
          hangedman_ranch, uniq_joseph
Temple:   hellmonk_temple_beads
Lair:1:   layout_loops_ring, serial_bayou, serial_bayou_pond_d,
          serial_bayou_lake_a, serial_bayou_pond_c, serial_bayou_pond_e,
          serial_bayou_pond_d, serial_bayou_shore_b, serial_bayou_crossing,
          serial_bayou_shore_a
Lair:2:   layout_roguey, swamp_mist, dummy_snake_entry, portal_ice_cave_rime
Lair:3:   layout_gridlike, grunt_forest_stairs_basic
Lair:4:   layout_regular_city, nicolae_lair_liquid_snakes, lemuel_fruit_tree
Lair:5:   hellmonk_lair_end_abyssal_woods, layout_cave_pods,
          minmay_slime_entry_oklob_enclosed
Orc:1:    layout_caves, basic_altar
Orc:2:    st_orc_elflike, layout_caves, gauntlet_entry_generic

Skill      XL: |  1  2  3  4  5  6  7  8  9 10 11 12 13 14 |
---------------+-------------------------------------------+-----
Maces & Flails | 2 3 4 5 6 8 9 11 13 14 | 14.0
Translocations | 3 4 7 9 10 11 | 11.9
Fighting       | 6 9 11 13 14 | 14.5
Invocations    | 5 8 9 |  9.6
Armour         | 1 3 4 6 |  6.6
Dodging        | 2 3 5 6 |  6.3
Shields        | 3 4 |  4.0
Spellcasting   | 4 7 |  7.8
Evocations     | 4 |  4.0
Throwing       | |  0.8

Action                     |  1- 3 |  4- 6 |  7- 9 | 10-12 | 13-15 || total
---------------------------+-------+-------+-------+-------+-------++-------
  Melee: Mace              |    71 |       |       |       |       ||    71
         Punch             |     2 |     1 |     1 |     5 |       ||     9
         Dagger            |    62 |   119 |   263 |   150 |       ||   594
         Touch             |       |    22 |    49 |    79 |       ||   150
         Flail             |       |       |       |    93 |       ||    93
         Demon whip        |       |       |       |   465 |  1184 ||  1649
  Throw: Boomerang         |     1 |       |       |       |       ||     1
   Cast: Manifold Assault  |       |       |    13 |    67 |   101 ||   181
         Vhi's Electric Ch |       |       |       |     6 |    10 ||    16
         Lesser Beckoning  |       |       |       |       |     3 ||     3
 Invoke: Upheaval          |       |       |       |     9 |     3 ||    12
         Elemental Force   |       |       |       |     3 |     4 ||     7
  Evoke: Box of beasts     |       |       |       |     1 |       ||     1
    Use: Potion            |     1 |       |     3 |     3 |     2 ||     9
         Scroll            |       |     3 |    10 |     4 |     8 ||    25
   Stab: Sleeping          |       |       |     2 |       |       ||     2
         Invisible         |       |       |     1 |       |       ||     1
         Paralysed         |       |       |       |    11 |    83 ||    94
 Armour: Leather armour    |    59 |       |       |    23 |   218 ||   300
         Ring mail         |    15 |    45 |    84 |    67 |       ||   211
         Steam dragon scal |       |       |       |    67 |       ||    67
  Dodge: Dodged            |    99 |    58 |   108 |   186 |   216 ||   667
         Repelled          |       |       |       |       |     7 ||     7
  Block: Other             |       |       |     4 |    43 |       ||    47
         Buckler           |       |       |       |    58 |   507 ||   565
         Reflection        |       |       |       |       |    15 ||    15
